Cogmind - Beta 16.1 @@@ ROGUE MODE // 2026.03.24 @ 03:30:30 Player: cptwinky Result: Destroyed by L-31 Rogue with Backup Laser III Performance ------------- Evolutions (2) 1000 Regions Visited (10) 2000 Robots Destroyed (297) 1485 Value Destroyed (10115) 10115 Prototype IDs (55) 1100 Alien Tech Used (0) 0 Bonus (3344) 3344 TOTAL SCORE: 19044 Bonus ------- High Alert Combat Kills 1750 Follower Combat Kills 594 Entered Garrisons 200 Used RIF Installer 500 Aligned with FarCom 300 Cogmind --------- Core Integrity 0/550 Matter 133/300 Energy 280/280 System Corruption 0% Temperature Warm (128) Movement Treading (208) Ox1 Location -8/Storage Parts ------- > --- POWER (1) -------- Cooled Ion Engine > --- PROPULSION (3) --- Light Treads Light Treads Advanced Treads > --- UTILITY (5) ------ Huge Storage Unit Advanced Targeting Computer Hardened Medium Armor Plating Improved Light Armor Plating Hacking Suite > --- WEAPON (2) ------- Improved Assault Rifle Enhanced Autogun > --- INVENTORY (25) --- Heavy Ion Engine Advanced Heat Sink High-capacity Matter Pod (200) Seismic Detector Hardlight Generator Hacking Suite Relay Coupler [NC] (31) High-powered Tractor Beam Improved Trap Extractor (0/6) Salvaging Laser Ion Cannon Ion Cannon Ion Cannon Ion Cannon Guided Plasma Cannon Improved Assault Rifle Improved Assault Rifle Gauss Rifle Mini Grenade Launcher Mini Grenade Launcher Improved Datajack Heavy Flail Peak State ------------ > --- POWER ------------ Cooled Ion Engine > --- PROPULSION ------- Light Treads Light Treads Light Treads > --- UTILITY ---------- Huge Storage Unit Advanced Targeting Computer Hardened Medium Armor Plating Hardlight Generator Hacking Suite > --- WEAPON ----------- Guided Plasma Cannon Improved Assault Rifle > --- INVENTORY -------- Heavy Ion Engine Advanced Treads Advanced Heat Sink High-capacity Matter Pod Seismic Detector Improved Light Armor Plating Hacking Suite Relay Coupler [NC] High-powered Tractor Beam Improved Trap Extractor Salvaging Laser Ion Cannon Ion Cannon Ion Cannon Ion Cannon Improved Assault Rifle Improved Assault Rifle Enhanced Autogun Gauss Rifle Mini Grenade Launcher Mini Grenade Launcher Improved Datajack Heavy Flail [Rating: 36] Favorites ----------- Power Cooled Ion Engine Engine Cooled Ion Engine Propulsion Light Treads Treads Light Treads Utility Huge Storage Unit Device Hardlight Generator Storage Huge Storage Unit Processor Advanced Targeting Computer Hackware Hacking Suite Protection Hardened Medium Armor Plating Weapon Improved Assault Rifle Energy Gun Particle Gun Energy Cannon Guided Plasma Cannon Ballistic Gun Improved Assault Rifle Launcher Mini Grenade Launcher Impact Weapon Heavy Flail Slashing Weapon Scythe Special Melee Weapon Datajack Build | -11 -10 -10 -9 -9 -9 -8 -8 -8 -8 -8 ------- Run | Yrd Mat Min Mat Min Exi Min Mat Gar Mat Sto Slots Evolved 4 | . . . 2 . . . 2 . . . Power . | . . . . . . . . . . . Propulsion 1 | . . . 1 . . . . . . . Utility 3 | . . . 1 . . . 2 . . . Weapon . | . . . . . . . . . . . Parts Attached 106 | 6 7 2 27 1 3 2 11 9 22 16 Power 5 | 1 1 . 2 . . . 1 . . . Engine 5 | 1 1 . 2 . . . 1 . . . Core . | . . . . . . . . . . . Reactor . | . . . . . . . . . . . Propulsion 40 | 2 1 1 12 . 1 . 2 4 9 8 Treads 40 | 2 1 1 12 . 1 . 2 4 9 8 Leg . | . . . . . . . . . . . Wheel . | . . . . . . . . . . . Hover . | . . . . . . . . . . . Flight . | . . . . . . . . . . . Utility 37 | 1 3 . 7 . . 1 7 3 8 7 Device 6 | . 1 . 1 . . . . . 2 2 Storage 4 | 1 1 . 1 . . . 1 . . . Processor 6 | . . . 1 . . 1 3 . 1 . Hackware 3 | . . . . . . . 1 . 1 1 Protection 18 | . 1 . 4 . . . 2 3 4 4 Artifact . | . . . . . . . . . . . Weapon 24 | 2 2 1 6 1 2 1 1 2 5 1 Energy Gun 2 | . 1 . 1 . . . . . . . Energy Cannon 1 | . . . . . . . . . . 1 Ballistic Gun 13 | 2 1 . 4 1 . 1 1 1 2 . Ballistic Cannon . | . . . . . . . . . . . Launcher 3 | . . 1 1 . . . . . 1 . Special Weapon . | . . . . . . . . . . . Impact Weapon 2 | . . . . . 1 . . 1 . . Slashing Weapon 1 | . . . . . . . . . 1 . Piercing Weapon . | . . . . . . . . . . . Special Melee Weapon 2 | . . . . . 1 . . . 1 . Unidentified Prototypes . | . . . . . . . . . . . Parts Lost 9 | . 1 . . . . 1 1 3 1 2 Power . | . . . . . . . . . . . Propulsion 3 | . . . . . . . 1 . . 2 Utility 5 | . 1 . . . . 1 . 2 1 . Weapon 1 | . . . . . . . . 1 . . Highest Loss Streak 1 | . 1 . . . . 1 1 1 1 1 To Critical Strikes . | . . . . . . . . . . . Average Backups 22 | 3 11 16 22 24 24 24 23 24 24 24 Power . | . . . . 1 2 3 2 1 . 1 Propulsion 1 | 2 2 2 2 3 2 2 1 1 1 1 Utility 8 | . 5 8 7 8 8 7 6 8 9 8 Weapon 10 | 1 2 4 10 11 11 11 11 11 11 12 Tool/Special . | . . . . . . . . . . . Unused Backups 35 | . 4 . 14 2 1 . . 2 . 12 Power 4 | . . . 1 . . . . 2 . 1 Propulsion 6 | . 2 . 4 . . . . . . . Utility 9 | . . . 2 1 1 . . . . 5 Weapon 16 | . 2 . 7 1 . . . . . 6 Tool/Special . | . . . . . . . . . . . Average Slot Usage (%) 99 | . 93 100 99 100 100 99 99 99 99 99 Engine 10 | . 14 14 11 11 11 11 9 9 9 9 Treads 28 | . 28 28 32 33 33 33 27 27 27 27 Device 3 | . 5 . 2 11 11 . . . 1 5 Storage 10 | . 14 14 11 11 11 11 9 9 9 9 Processor 8 | . . . 8 . . 10 18 14 11 9 Hackware 5 | . . . . . . . 8 9 9 9 Protection 11 | . 3 14 11 11 11 11 9 11 12 12 Ballistic Gun 14 | . 21 27 21 22 . 21 16 15 11 7 Launcher 4 | . . . . . . . . . 5 9 Peak Build Rating 36 | 6 11 11 26 26 26 27 33 33 33 36 Average Rating 26 | 5 8 10 20 25 23 25 30 31 31 30 On Entrance 20 | . 6 9 11 26 26 26 25 33 31 32 Avg Prop Armor Cover (%) . | . . . . . . . . . . . Naked Turns . | . . . . . . . . . . . Heaviest Build 114 | 13 54 55 106 106 104 106 101 101 108 114 Greatest Support 60 | 40 40 40 60 60 60 60 60 60 60 60 Greatest Overweight (x) 2 | . 1 1 2 1 1 1 1 1 1 1 Average Overweight (x) . | . . 1 . 1 1 1 1 1 1 1 Largest Inventory Capacity 25 | 8 20 20 25 25 25 25 25 25 25 25 Average Capacity 23 | 7 15 20 23 25 25 25 25 25 25 25 Most Carried 25 | 7 15 20 25 25 25 25 25 25 25 25 Average Carried 22 | 4 11 17 22 24 24 24 23 24 24 24 Final Capacity 25 | 8 20 20 25 25 25 25 25 25 25 25 Final Carried 25 | 7 15 20 25 25 25 25 25 25 25 22 Class Distribution -------------------- 71% | Scavenger-Mutant 25% | Mutant 3% | Commander-Mutant Dominant Class ---------------- Mutant | -10/Materials Mutant | -10/Mines Mutant | -9/Materials Scavenger-Mutant | -9/Mines Scavenger-Mutant | -9/Exiles Mutant | -8/Mines Scavenger-Mutant | -8/Materials Scavenger-Mutant | -8/Garrison Scavenger-Mutant | -8/Materials Scavenger-Mutant | -8/Storage Resources | -11 -10 -10 -9 -9 -9 -8 -8 -8 -8 -8 ----------- Run | Yrd Mat Min Mat Min Exi Min Mat Gar Mat Sto Matter Collected 6600 | 303 350 181 1359 103 . 266 295 651 1425 1667 Remotely 661 | . . . . . . . . . 304 357 Salvage Created 10351 | 138 405 207 2500 204 . 331 419 1127 2354 2666 Parts 576 | 9 29 22 162 12 . 12 25 39 120 146 Haulers Intercepted 21 | . 2 . 6 . . . 1 . 6 6 Recyclers Shooed 7 | 1 . . 1 . . . 1 . 4 . Parts Field Recycled . | . . . . . . . . . . . Retrieved Matter . | . . . . . . . . . . . Parts Self-Destructed . | . . . . . . . . . . . Prevented . | . . . . . . . . . . . Parts Restored . | . . . . . . . . . . . Kills | -11 -10 -10 -9 -9 -9 -8 -8 -8 -8 -8 ------- Run | Yrd Mat Min Mat Min Exi Min Mat Gar Mat Sto Combat Hostiles Destroyed 217 | . 6 13 49 5 . 7 7 26 49 55 Melee 3 | . . . . . . . . . 2 1 Guns 128 | . 6 5 38 5 . 5 7 18 23 21 Cannons 2 | . . . . . . . . . . 2 AOE 82 | . . 8 11 . . 2 . 8 22 31 Classes Destroyed 16 | 2 5 1 6 . . 1 . . . 1 Worker 19 | . 1 . 6 1 . . . . 3 8 Builder 9 | . . . 1 . . . . . . 8 Tunneler 4 | 3 . . . . . . . . 1 . Hauler 21 | . 2 . 6 . . . 1 . 6 6 Recycler 10 | 1 1 . 1 . . . . . 2 5 Mechanic 6 | . 1 . 2 . . . . . 1 2 Operator 4 | . . . 3 . . . 1 . . . Watcher 6 | . 1 . 2 . . . . . 3 . Swarmer 16 | . . 9 2 . . . . . 5 . Grunt 121 | . 6 4 32 5 . 4 . 18 23 29 Brawler 11 | . . . 3 . . . . 2 3 3 Duelist 16 | . . . 2 . . 2 . 3 5 4 Protector 9 | . . . 1 . . . . . 3 5 Sentry 36 | . . . 9 . . . 4 3 8 12 Demolisher 1 | . . . . . . . . . . 1 Hunter 8 | . . . . . . 1 3 . 2 2 Best Kill Streak 11 | 2 2 3 7 2 . 3 2 3 11 7 Combat Bots Only 10 | . 2 3 4 2 . 3 2 3 10 5 Max Kills in Single Turn 5 | 1 1 2 2 2 . 1 1 2 5 4 Gunslinging 1 | . . . . 1 . . . . . . Exploded 5 | . . 2 2 . . 1 . 2 5 3 Melee 1 | . . . . . . . . . 1 1 Uniques/NPCs Destroyed . | . . . . . . . . . . . Combat | -11 -10 -10 -9 -9 -9 -8 -8 -8 -8 -8 -------- Run | Yrd Mat Min Mat Min Exi Min Mat Gar Mat Sto Hostile Shots Fired 661 | . 31 34 125 25 . 34 38 89 120 165 Missed 215 | . 10 12 46 7 . 17 12 26 41 44 Hits 446 | . 21 22 79 18 . 17 26 63 79 121 Melee 15 | . . . 3 . . . . . 2 10 Projectile 431 | . 21 22 76 18 . 17 26 63 77 111 Critical Strikes 19 | . . . . 1 . . . 3 5 10 Damage Taken 6556 | . 264 317 1105 175 . 245 344 968 1174 1964 Core 824 | . 27 56 127 18 . 42 47 122 134 251 Absorbed by Shields 359 | . . . 44 48 . 11 . 51 113 92 Redirected to Shielding 96 | . . . . . . . . . 13 83 Ignored by Resistances 112 | . . . . . . . . 70 42 . Regen/Repaired (Parts) 706 | . 36 . 11 . . . 159 . 152 348 Core Remaining (%) 73 | 100 . 66 . . . 53 . . . . Volleys Fired 602 | 12 30 23 156 17 . 20 27 66 113 138 Largest 2 | 2 2 2 2 2 . 2 2 2 2 2 Hottest 120 | 40 85 40 48 46 . 46 46 53 60 120 Shots Fired 1127 | 24 58 37 288 35 . 38 52 117 218 260 Gun 1010 | 24 58 28 281 35 . 36 51 105 192 200 Cannon 10 | . . . . . . . . . . 10 Launcher 107 | . . 9 7 . . 2 1 12 26 50 Special . | . . . . . . . . . . . Kinetic 970 | 24 35 28 264 35 . 36 51 105 192 200 Thermal 50 | . 23 . 17 . . . . . . 10 Explosive 107 | . . 9 7 . . 2 1 12 26 50 Electromagnetic . | . . . . . . . . . . . Robot Hit Streak 49 | 5 17 6 16 8 . 9 18 25 49 30 Robot Miss Streak 4 | 2 3 2 3 1 . 1 2 2 3 4 Penetration Max . | . . . . . . . . . . . Secondary Targets 18 | . 2 1 3 1 . 1 . 4 2 4 Max Gunslinging Chain 1 | . 1 1 1 1 . 1 . 1 1 1 Shots Hit Robots 813 | 17 38 19 207 26 4 31 40 87 181 163 Core Hits 539 | 7 21 17 96 10 . 19 21 55 117 176 Critical Kills 3 | . . . 2 . . . . . . 1 Critical Parts Destroyed 5 | 1 . . . . . . . . 1 3 Critical Strikes 9 | 1 . . 2 . . . . . 1 5 Destroy 9 | 1 . . 2 . . . . . 1 5 Melee Attacks 56 | . . . . . 4 . 2 24 11 15 Impact 46 | . . . . . . . 2 24 7 13 Slashing . | . . . . . . . . . . . Piercing . | . . . . . . . . . . . Sneak Attacks 8 | . . . . . 4 . . . 2 2 Combat Hostiles 2 | . . . . . . . . . 2 . Follow-up Attacks . | . . . . . . . . . . . Damage Inflicted 24430 | 174 546 836 4186 416 . 639 615 2239 5882 8897 Guns 11924 | 172 527 223 3037 405 . 404 558 1291 2635 2672 Cannons 371 | . . . . . . . . . . 371 Explosions 11079 | . . 584 1037 . . 199 41 948 2694 5576 Melee 602 | . . . . . . . . . 429 173 Ramming 454 | 2 19 29 112 11 . 36 16 . 124 105 Kinetic 11624 | 172 303 223 2961 405 . 404 558 1291 2635 2672 Thermal 671 | . 224 . 76 . . . . . . 371 Explosive 11079 | . . 584 1037 . . 199 41 948 2694 5576 Electromagnetic . | . . . . . . . . . . . Impact 602 | . . . . . . . . . 429 173 Slashing . | . . . . . . . . . . . Piercing . | . . . . . . . . . . . Highest Corruption 1 | . . . 1 1 1 1 . . . . Average Corruption 1 | . . . 1 1 1 1 . . . . Corruption Purged . | . . . . . . . . . . . Corruption Blocked . | . . . . . . . . . . . Effects 32 | . . . 19 7 3 3 . . . . Message Errors 8 | . . . 5 1 1 1 . . . . Matter Fused 10 | . . . 5 3 2 . . . . . Heat Flow Errors 3 | . . . 1 1 . 1 . . . . Energy Discharges 3 | . . . 3 . . . . . . . Parts Fused 1 | . . . 1 . . . . . . . Data Loss (minor) 4 | . . . 2 1 . 1 . . . . Misfires 3 | . . . 2 1 . . . . . . Overload Shots . | . . . . . . . . . . . Overflow Damage 504 | . . . 12 . . . 10 . 139 343 Projectiles 22 | . . . . . . . . . . 22 Explosions 253 | . . . 12 . . . 10 . 34 197 Melee 229 | . . . . . . . . . 105 124 Knockbacks 5 | . . . . . . . . . 3 2 Impact 5 | . . . . . . . . . 3 2 Kinetic . | . . . . . . . . . . . Secondary . | . . . . . . . . . . . Self-Inflicted Damage 389 | . . 74 54 . . . . 83 157 21 Shots 17 | . . 5 2 . . . . 3 6 1 Rammed 45 | 1 6 3 9 . . 2 2 . 10 12 Targets Rammed 57 | 1 8 3 13 1 . 2 2 . 13 14 Kicked . | . . . . . . . . . . . Crushed 12 | . 2 . 4 1 . . . . 3 2 Highest Temperature 324 | . 76 30 271 94 . 233 1 17 45 324 Average Temperature 29 | . 31 9 24 43 . 84 1 6 6 48 Received Heat Transfer 2517 | . 144 90 409 109 . 63 54 497 441 710 Effects 2 | . . . 1 . . . . . . 1 Interference 2 | . . . 1 . . . . . . 1 Siege Activations . | . . . . . . . . . . . Martial Activations . | . . . . . . . . . . . Shielding Activations . | . . . . . . . . . . . Robots Disrupted . | . . . . . . . . . . . Combat Hostiles . | . . . . . . . . . . . Robots Corrupted 3 | . . . . . . . . . 2 1 Combat Hostiles 2 | . . . . . . . . . 2 . Parts Fried 3 | . . . . . . . . . . 3 Impact Corruptions 9 | . . . . . . . . . 3 6 Robots Melted . | . . . . . . . . . . . Combat Hostiles . | . . . . . . . . . . . Parts Melted 2 | . 1 . . . . . . 1 . . Heat Transferred 1541 | . 555 . 225 . . . . . . 761 Parts Sabotaged . | . . . . . . . . . . . Parts Stolen . | . . . . . . . . . . . Parts Stripped . | . . . . . . . . . . . Power Chain Reactions . | . . . . . . . . . . . Alert | -11 -10 -10 -9 -9 -9 -8 -8 -8 -8 -8 ------- Run | Yrd Mat Min Mat Min Exi Min Mat Gar Mat Sto Maximum Alert Level 4 | . . . 3 2 . . . 3 3 4 Low Security (%) 32 | 100 100 100 42 . . 100 100 10 6 6 Level 1 20 | . . . 14 87 . . . 23 34 22 Level 2 28 | . . . 15 12 . . . 49 45 37 Level 3 15 | . . . 27 . . . . 16 13 21 Level 4 3 | . . . . . . . . . . 11 Level 5 . | . . . . . . . . . . . High Security . | . . . . . . . . . . . Max Security . | . . . . . . . . . . . Sterilizations 2 | . . . 1 . . . . . 1 . Peak Influence 1428 | 5 83 99 996 409 . 75 117 965 1001 1428 Initial 469 | . . . . 384 . . 21 5 469 422 Average 408 | . 20 25 385 374 . 27 35 503 463 613 Influence Increases 7877 | 20 269 353 1666 140 . 200 321 1110 1502 2296 Destroy 0b10 Robot/C 4520 | . 120 260 1020 100 . 140 140 560 940 1240 Destroy 0b10 Robot/NC 445 | 20 30 . 115 5 . . 10 . 95 170 Destroy Leader 1026 | . 26 50 288 20 . 30 72 30 228 282 Allied During Kill 201 | . . . 24 . . . . 22 1 154 Trap Triggered on 0b10 50 | . . . 20 . . . . . . 30 Successful Hack 156 | . 18 . 54 . . . 26 . 38 20 Select Force Hacks 90 | . 60 . . . . . . . 30 . Disable Machine 300 | . . . 45 . . 15 30 30 30 150 Anti-Garrison Action 350 | . . . . . . . . 350 . . Destroy Structure 529 | . . 43 55 . . 15 13 88 110 205 Partial Spotted 30 | . . . . . . . . . 30 . Lose Combat Pursuer 180 | . 15 . 45 15 . . 30 30 . 45 Influence Decreases 6449 | 20 269 353 680 808 318 145 368 153 1466 1869 Entered New Map 2032 | . . . . 602 318 . 34 3 496 579 Time Decay 3472 | 20 259 353 620 206 . 145 329 . 770 770 Lost Part 75 | . 10 . . . . . 5 30 10 20 Lost Ally 420 | . . . 60 . . . . 120 40 200 Purge Threat 450 | . . . . . . . . . 150 300 Squads Dispatched 48 | . 4 . 13 1 . 1 4 . 10 15 Investigation 21 | . 4 . 5 1 . 1 2 . 5 3 Extermination . | . . . . . . . . . . . Reinforcement 12 | . . . 6 . . . 2 . 1 3 Assault 15 | . . . 2 . . . . . 4 9 Garrison . | . . . . . . . . . . . Intercept . | . . . . . . . . . . . Searches Triggered . | . . . . . . . . . . . Construction Impeded 3 | . . . 1 . . . . . . 2 Haulers Reinforced . | . . . . . . . . . . . Active Scanning Responses . | . . . . . . . . . . . Cargo Convoy Interrupts . | . . . . . . . . . . . Stealth | -11 -10 -10 -9 -9 -9 -8 -8 -8 -8 -8 --------- Run | Yrd Mat Min Mat Min Exi Min Mat Gar Mat Sto Distress Signals 17 | . 2 . 5 . . . 1 . 4 5 Communications Jammed . | . . . . . . . . . . . Distress Signals . | . . . . . . . . . . . Times Spotted 327 | . 11 11 74 5 . 9 15 28 77 97 Peak Tracking Total 8 | . 3 3 5 3 . 3 4 5 7 8 Tactical Retreats 10 | . 1 . 3 1 . . 2 1 . 2 Traps | -11 -10 -10 -9 -9 -9 -8 -8 -8 -8 -8 ------- Run | Yrd Mat Min Mat Min Exi Min Mat Gar Mat Sto Traps Triggered 22 | . . . 4 . . . . 15 2 1 Indirectly . | . . . . . . . . . . . Trap Hack Attempts 22 | . . . . . . . . . . 22 Triggered . | . . . . . . . . . . . Disarmed 1 | . . . . . . . . . . 1 Reprogrammed 6 | . . . . . . . . . 1 5 Reused 5 | . . . 2 . . . . . . 3 Traps Extracted 5 | . . . . . . . . . . 5 Installed 9 | . . . 4 . . . . . . 5 Triggered 5 | . . . 2 . . . . . . 3 Most Traps Carried 5 | . . 4 4 . . . . . . 5 Machines | -11 -10 -10 -9 -9 -9 -8 -8 -8 -8 -8 ---------- Run | Yrd Mat Min Mat Min Exi Min Mat Gar Mat Sto Machines Disabled 23 | . . . 3 . . 1 2 5 2 10 Max in Single Turn 1 | . . . 1 . . 1 1 1 1 1 Garrison Access 1 | . . . . . . . . . 1 . Garrison Relay 3 | . . . . . . . . 3 . . Machines Repaired . | . . . . . . . . . . . Machines Dismantled . | . . . . . . . . . . . Machines Sabotaged . | . . . . . . . . . . . Overloaded Fab Kills . | . . . . . . . . . . . Hacking | -11 -10 -10 -9 -9 -9 -8 -8 -8 -8 -8 --------- Run | Yrd Mat Min Mat Min Exi Min Mat Gar Mat Sto Machines Accessed 56 | . 7 . 12 1 2 1 8 2 14 9 Terminals 35 | . 4 . 7 . . 1 5 2 9 7 Fabricators . | . . . . . . . . . . . Repair Stations 7 | . 1 . 2 . . . 1 . 1 2 Recycling Units 5 | . 2 . 1 . . . . . 2 . Scanalyzers 4 | . . . 2 . . . 1 . 1 . Garrison Access 2 | . . . . . . . 1 . 1 . Total Hacks 177 | . 29 . 32 1 2 3 23 5 41 41 Successful 100 | . 16 . 15 1 2 . 14 . 25 27 Failed 75 | . 12 . 17 . . 3 8 5 16 14 Catastrophic 6 | . . . 3 . . . 2 . . 1 Database Lockouts 2 | . 1 . . . . . 1 . . . Manual 74 | . 7 . 14 . 1 3 9 . 20 20 Terminals 116 | . 17 . 21 . . 3 16 5 27 27 Fabricators . | . . . . . . . . . . . Repair Stations 33 | . 4 . 5 . . . 4 . 6 14 Recycling Units 14 | . 8 . 1 . . . . . 5 . Scanalyzers 7 | . . . 5 . . . 1 . 1 . Garrison Access 4 | . . . . . . . 2 . 2 . Terminal Hacks 44 | . 7 . 6 1 2 . 6 . 11 11 Record 1 | . . . . . 1 . . . . . Robot Analysis 8 | . 1 . 2 . . . 1 . 4 . Prototype ID Bank 13 | . 3 . 2 . . . 1 . 2 5 Open Door 3 | . . . . 1 . . . . . 2 Branch Access Points 1 | . . . 1 . . . . . . . Emergency Access Points 1 | . . . . . . . 1 . . . Repair Station Index 1 | . . . . . . . . . . 1 Unreport Threat 3 | . . . . . . . . . 1 2 Locate Traps 4 | . 1 . 1 . . . . . 2 . Reprogram Traps 1 | . . . . . . . . . 1 . Recall Investigation 1 | . 1 . . . . . . . . . Hauler Manifests 2 | . 1 . . . . . 1 . . . Registered Components 1 | . . . . . . . 1 . . . Zone Layout 3 | . . . . . . . 1 . 1 1 Proto ID Catalog 1 | . . . . . 1 . . . . . Fabricator Hacks . | . . . . . . . . . . . Repair Station Hacks 30 | . 4 . 3 . . . 4 . 6 13 Scan Component 17 | . 2 . 2 . . . 2 . 3 8 Repair 13 | . 2 . 1 . . . 2 . 3 5 Recycling Unit Hacks 3 | . 2 . . . . . . . 1 . Retrieve Components 3 | . 2 . . . . . . . 1 . Scanalyzer 5 | . . . 3 . . . 1 . 1 . Insert Component 2 | . . . 1 . . . . . 1 . Retrieve Study 3 | . . . 2 . . . 1 . . . Garrison Access Hacks 3 | . . . . . . . 1 . 2 . Unlock Access 1 | . . . . . . . 1 . . . Seal Access 1 | . . . . . . . . . 1 . Coupler Status 1 | . . . . . . . . . 1 . Unauthorized Hacks 15 | . 3 . 3 . . . 2 . 4 3 Terminals 9 | . 1 . 2 . . . 1 . 2 3 Track 1 | . . . . . . . . . . 1 Botnet 5 | . . . 1 . . . 1 . 2 1 Disrupt 2 | . . . 1 . . . . . . 1 Search 1 | . 1 . . . . . . . . . Fabricators . | . . . . . . . . . . . Repair Stations . | . . . . . . . . . . . Recycling Units 5 | . 2 . 1 . . . . . 2 . Reject 2 | . . . 1 . . . . . 1 . Tunnel 3 | . 2 . . . . . . . 1 . Scanalyzers . | . . . . . . . . . . . Garrison Access 1 | . . . . . . . 1 . . . Reprogram 1 | . . . . . . . 1 . . . Data Cores Recovered . | . . . . . . . . . . . Used . | . . . . . . . . . . . Hacking Detections 39 | . 2 . 10 . . 1 7 2 9 8 Full Trace Events 12 | . . . 4 . . 1 1 . 3 3 Feedback Events . | . . . . . . . . . . . Feedback Blocked . | . . . . . . . . . . . Robot Schematics Acquired . | . . . . . . . . . . . Robots Built . | . . . . . . . . . . . Authchips . | . . . . . . . . . . . Time . | . . . . . . . . . . . Total Robot Build Rating . | . . . . . . . . . . . Part Schematics Acquired . | . . . . . . . . . . . Parts Built . | . . . . . . . . . . . Authchips . | . . . . . . . . . . . Time . | . . . . . . . . . . . Total Part Build Rating . | . . . . . . . . . . . Part Studies Acquired 3 | . . . 2 . . . 1 . . . Parts Repaired 13 | . 2 . 1 . . . 2 . 3 5 Time 551 | . 62 . 136 . . . 83 . 103 167 Parts Recycled . | . . . . . . . . . . . Recycled Matter . | . . . . . . . . . . . Retrieved Matter . | . . . . . . . . . . . Retrieved Components 29 | . 20 . . . . . . . 9 . Parts Scanalyzed 1 | . . . 1 . . . . . . . Part Schematics Acquired . | . . . . . . . . . . . Parts Damaged . | . . . . . . . . . . . Bothacking | -11 -10 -10 -9 -9 -9 -8 -8 -8 -8 -8 ------------ Run | Yrd Mat Min Mat Min Exi Min Mat Gar Mat Sto Used RIF Installer 1 | . . . . . . . . 1 . . Robots Hacked 9 | . . . . . 4 . . . 4 1 Non-combat 3 | . . . . . 3 . . . . . Combat 6 | . . . . . 1 . . . 4 1 Robot Hacks Applied 9 | . . . . . 4 . . . 4 1 parse_system 4 | . . . . . 4 . . . . . overwrite_iff 4 | . . . . . . . . . 4 . formatsys_high 1 | . . . . . . . . . . 1 Relay Couplers Released 14 | . . . . . . . . 14 . . Machine Destruction 14 | . . . . . . . . 14 . . Attached 2 | . . . . . . . . . 1 1 Fabnet Peak Effective % . | . . . . . . . . . . . Robots Rewired 3 | . . . . . . . . 3 . . Allies Hacked . | . . . . . . . . . . . Hacks Repelled . | . . . . . . . . . . . Allies | -11 -10 -10 -9 -9 -9 -8 -8 -8 -8 -8 -------- Run | Yrd Mat Min Mat Min Exi Min Mat Gar Mat Sto Total Allies 24 | . . 3 . . . . 3 3 4 11 Largest Group 10 | . . 3 3 . . . 3 3 1 10 Highest-Rated Group 173 | . . 40 40 . . . 48 82 16 173 Highest-Rated Ally 40 | . . 16 16 . . . 16 40 16 29 Total Orders 7 | . . . . . . . . . . 7 STAY 4 | . . . . . . . . . . 4 FOLLOW 3 | . . . . . . . . . . 3 Ally Attacks 180 | . . . 30 . . . . 45 20 85 Total Damage 2380 | . . . 262 . . . . 594 197 1327 Kills 19 | . . . 4 . . . . 2 1 12 Allies Corrupted . | . . . . . . . . . . . Allies Melted . | . . . . . . . . . . . Intel | -11 -10 -10 -9 -9 -9 -8 -8 -8 -8 -8 ------- Run | Yrd Mat Min Mat Min Exi Min Mat Gar Mat Sto Active Infowar (turns) 3435 | . . . 3435 . . . . . . . Optics 3435 | . . . 3435 . . . . . . . Robot Analysis Total 8 | . 1 . 2 . . . 1 . 4 . Derelict Logs Recovered 3 | . . 2 . 1 . . . . . . Drone Launches . | . . . . . . . . . . . Drone Recoveries . | . . . . . . . . . . . Exploration | -11 -10 -10 -9 -9 -9 -8 -8 -8 -8 -8 ------------- Run | Yrd Mat Min Mat Min Exi Min Mat Gar Mat Sto Turns Passed 24109 | 182 1404 1588 4272 439 588 378 1247 1986 4700 7325 Spaces Moved 6797 | 82 567 618 1397 190 286 153 510 793 1165 1036 Core 1 | 1 . . . . . . . . . . Treads 6796 | 81 567 618 1397 190 286 153 510 793 1165 1036 Legs . | . . . . . . . . . . . Wheels . | . . . . . . . . . . . Hover . | . . . . . . . . . . . Flight . | . . . . . . . . . . . Fastest Speed 50 | 50 160 240 160 200 200 200 200 200 200 200 Average Speed 200 | 158 202 240 186 200 200 200 200 200 200 200 Slowest Speed 240 | 160 240 240 240 200 200 200 200 200 200 200 Overloaded Moves . | . . . . . . . . . . . Propulsion Burnouts . | . . . . . . . . . . . Robots Hopped . | . . . . . . . . . . . Potential Cave-ins . | . . . . . . . . . . . Cave-ins Triggered . | . . . . . . . . . . . Exploration Rate (%) 67 | 5 73 93 95 39 70 54 54 80 90 94 Regions Visited 10 Branch Regions 5 Pre-discovered Areas 6 | . 2 1 . 1 1 . . . 1 . Known Exits Taken 3 | . . . 1 . . 1 1 . . . Unknown Exits Taken 6 | 1 1 1 . 1 1 . . . 1 . Scrap Searched 3 | . . 1 . 1 . 1 . . . . Spaces Dug 99 | . . 28 . . . . 12 36 22 1 Terrain Destroyed 654 | . . 71 58 . . 20 12 68 135 290 Melee 19 | . . . . . . . 2 16 . 1 Projectile . | . . . . . . . . . . . AOE 635 | . . 71 58 . . 20 10 52 135 289 Terrain Rammed . | . . . . . . . . . . . Walls Destroyed . | . . . . . . . . . . . Machines Disabled . | . . . . . . . . . . . Actions | -11 -10 -10 -9 -9 -9 -8 -8 -8 -8 -8 --------- Run | Yrd Mat Min Mat Min Exi Min Mat Gar Mat Sto Total 16093 | 109 765 680 2797 218 300 184 684 1036 3313 6007 Wait 8068 | 2 127 23 1111 4 . 5 113 63 1926 4694 Move 6788 | 81 566 617 1396 189 285 153 509 792 1164 1036 Hop . | . . . . . . . . . . . Pick Up 100 | 7 16 6 33 3 3 1 8 6 13 4 Fast Attach 32 | 6 3 . 5 . . . 1 3 6 8 Attach 25 | . 2 . 3 . . 1 6 3 5 5 Detach 5 | . 1 . 4 . . . . . . . Swap 170 | . 3 7 31 1 5 3 9 16 43 52 Drop 102 | . 9 1 41 3 3 . 7 8 19 11 Fire 602 | 12 30 23 156 17 . 20 27 66 113 138 Melee 56 | . . . . . 4 . 2 24 11 15 Ram . | . . . . . . . . . . . Kick . | . . . . . . . . . . . Crush 56 | 1 8 3 13 1 . 1 2 . 13 14 Escape Stasis 28 | . . . . . . . . 26 . 2 Rewire 30 | . . . . . . . . 29 . 1 Trap 31 | . . . 4 . . . . . . 27 Miscellaneous . | . . . . . . . . . . . Route ------- -11/Scrapyard -10/Materials (discovered 4 exits: *Mat x2 / [*Min] / [*Sub]) -10/Mines (discovered 2 exits: *Mat x2) -9/Materials (discovered 5 exits: *Mat x3 / *Min x2) -9/Mines -9/Exiles -8/Mines -8/Materials (discovered 5 exits: [*Fac x2] / *Sto x2 / Gar) -8/Garrison (discovered 3 exits: *Mat x3) -8/Materials (discovered 3 exits: [*Fac x2] / *Sto) -8/Storage (discovered 1 exit: [*Fac]) History --------- Turn | Location | Event 19 | -11/Scrapyard | Discovered new exit (range 15) 183 | -11/Scrapyard | Entered Materials 184 | -10/Materials | Met a group of wandering Federalists 270 | -10/Materials | Discovered new exit (range 16) 317 | -10/Materials | Build established: Mutant 346 | -10/Materials | Discovered new exit (range 5) 350 | -10/Materials | Discovered new exit (range 10) 391 | -10/Materials | Central database locked down 898 | -10/Materials | Repaired Corrupted Salvaging Laser 925 | -10/Materials | Repaired Assault Rifle 1479 | -10/Materials | Discovered new exit (range 9) 1587 | -10/Materials | Entered Mines 1609 | -10/Mines | Learned location of Zion (-7) 1702 | -10/Mines | Discovered new exit (range 8) 1798 | -10/Mines | Learned 2 Materials zone layouts 1858 | -10/Mines | Found a damaged Exp. Sensor Array with a note attached 1863 | -10/Mines | Found Prototype Device 1963 | -10/Mines | Discovered new exit (range 16) 2692 | -10/Mines | Assisted by bots powering up and referring to "LRC-V3" 2877 | -10/Mines | Found a hidden stash of uninstalled traps 3175 | -10/Mines | Entered Materials 3175 | -9/Materials | Accompanied by 3 allies 3175 | -9/Materials | Evolved 2 slots: Propulsion x1, Utility x1 3176 | -9/Materials | Identified exit to Materials 4529 | -9/Materials | Discovered new exit (range 8) 5194 | -9/Materials | Identified Exp. Sensor Array 5271 | -9/Materials | Discovered exit to Materials (range 18) 5700 | -9/Materials | Discovered exit to Materials (range 8) 5869 | -9/Materials | Discovered new exit (range 7) 5914 | -9/Materials | Build established: Scavenger-Mutant 6003 | -9/Materials | Identified exit to Mines 6375 | -9/Materials | First assault squad dispatched 6458 | -9/Materials | Repaired Broken Exp. Sensor Array 7245 | -9/Materials | Sterilization system engaged 7245 | -9/Materials | Non-combat units ordered to evacuate 7345 | -9/Materials | Combat units ordered to evacuate 7447 | -9/Materials | Entered Mines 7454 | -9/Mines | Met a Derelict shopkeep closing up shop 7536 | -9/Mines | Learned location of Storage (-8) 7712 | -9/Mines | Deemed a non-threat by the Exiles lab entrance 7712 | -9/Mines | Discovered new exit (range 5) 7797 | -9/Mines | Assembled infested the area 7886 | -9/Mines | Entered Exiles 7940 | -9/Exiles | Met 8R-AWN 7997 | -9/Exiles | Met EX-HEX 8073 | -9/Exiles | Met EX-DEC 8176 | -9/Exiles | Met EX-BIN 8200 | -9/Exiles | Aligned with FarCom system 8202 | -9/Exiles | Given EX-Vault access code 8250 | -9/Exiles | Opened EX-Vault 8262 | -9/Exiles | Found Gui. Plasma Cannon 8301 | -9/Exiles | Warned to stay clear of 0b10 Research branches 8443 | -9/Exiles | Discovered new exit (range 14) 8474 | -9/Exiles | Left Exiles lab with Gui. Plasma Cannon 8474 | -9/Exiles | Entered Mines 8777 | -8/Mines | Build established: Mutant 8824 | -8/Mines | Discovered exit to Materials (range 6) 8852 | -8/Mines | Entered Materials 8852 | -8/Materials | Evolved 2 slots: Utility x2 8902 | -8/Materials | Discovered new exit (range 13) 9163 | -8/Materials | Repaired Med. Armor Plating 9209 | -8/Materials | Build established: Scavenger-Mutant 9220 | -8/Materials | Repaired Cld. Ion Engine 9243 | -8/Materials | Discovered new exit (range 16) 9684 | -8/Materials | Discovered new exit (range 5) 9840 | -8/Materials | Central database locked down 9914 | -8/Materials | Discovered new exit (range 5) 10067 | -8/Materials | Identified exit to Garrison 10099 | -8/Materials | Entered Garrison 10099 | -8/Garrison | Accompanied by 3 allies 10127 | -8/Garrison | Triggered checkpoint 10188 | -8/Garrison | Garrison Relay disabled 10261 | -8/Garrison | Triggered checkpoint 10349 | -8/Garrison | Lost 3 allies 10357 | -8/Garrison | Garrison Relay disabled 10443 | -8/Garrison | Triggered checkpoint 10783 | -8/Garrison | Triggered checkpoint 10838 | -8/Garrison | Discovered new exit (range 14) 11291 | -8/Garrison | Triggered checkpoint 11296 | -8/Garrison | Lost 3 allies 11387 | -8/Garrison | Triggered checkpoint 11541 | -8/Garrison | Discovered new exit (range 9) 11690 | -8/Garrison | Triggered checkpoint 11919 | -8/Garrison | Installed Relay Interface Framework 11988 | -8/Garrison | Garrison Relay disabled 12042 | -8/Garrison | Discovered new exit (range 11) 12085 | -8/Garrison | Entered Materials 13066 | -8/Materials | Discovered new exit (range 12) 13638 | -8/Materials | Discovered new exit (range 12) 13638 | -8/Materials | Discovered new exit (range 4) 15041 | -8/Materials | Repaired Imp. Assault Rifle 15068 | -8/Materials | Repaired Lgt. Treads+ 15095 | -8/Materials | Repaired Lgt. Treads+ 15685 | -8/Materials | First assault squad dispatched 15757 | -8/Materials | Core integrity fell below 50% 16195 | -8/Materials | Destroyed 10 combat bots 16567 | -8/Materials | Sterilization system engaged 16567 | -8/Materials | Non-combat units ordered to evacuate 16667 | -8/Materials | Combat units ordered to evacuate 16785 | -8/Materials | Entered Storage 17716 | -8/Storage | Discovered new exit (range 16) 17846 | -8/Storage | Repaired Lgt. Treads+ 17850 | -8/Storage | Repaired Hrd. Medium Armor Plating 17887 | -8/Storage | Repaired Lgt. Armor Plating 18823 | -8/Storage | Assisted by bots powering up and referring to "LRC-V3" 18825 | -8/Storage | Watched by a mysterious "MATRIX" hacker. 18924 | -8/Storage | Repaired Lgt. Treads+ 18976 | -8/Storage | Repaired Imp. Assault Rifle 19117 | -8/Storage | Build established: Commander-Mutant 19585 | -8/Storage | First assault squad dispatched 19630 | -8/Storage | Lost 9 allies 19889 | -8/Storage | Build established: Scavenger-Mutant 20271 | -8/Storage | Core integrity fell below 20% 24110 | -8/Storage | Destroyed by L-31 Rogue with Backup Laser III Last Messages --------------- 24003_ G-47 Trooper unfolds itself. 24003_ L-31 Rogue unfolds itself. 24005_ K-01 Serf collects debris. 24012_ Acquired 4 matter. 24038_ G-47 Trooper destroyed. 24074_ Destroyed Lgt. Nuclear Core. 24075_ Overheating: System interference. 24075_ Hardlight Generator temporarily disabled. 24076_ G-47 Trooper destroyed. 24092_ Lgt. Treads+ severed. 24093_ Acquired Lgt. Treads+. 24094_ Hrd. Medium Armor Plating severed. 24095_ Acquired Hrd. Medium Armor Plating. 24096_ L-31 Rogue destroyed. 24096_ Switching to secondary target: G-47 Trooper. 24099_ L-31 Rogue suffers critical hit (Destroy). 24099_ Destroyed Imp. Aluminum Leg. 24101_ Lgt. Treads+ destroyed. 24108_ G-47 Trooper destroyed. 24108_ Switching to secondary target: L-31 Rogue. Map ----- +----------------------------------------------------+ | ??????????????# # # #?######+#### # | | ??????????????# ## ##### ### # | | ????????????### ## # # | | ????????????# # % # + "" # | | ????????????# # ^ # # "Y + | | ????????????# # %# + "" ## | | ????????????# + # # #? | | ????????##### ## # """"" # #? | | ????????#"""###### ^^# """" # # | | ????????#"R"#????# # """"" # """ # | | ??????###" ###### ########### """ # | | ???#### # #????????##### """ # | | ???#""" "" " # #????????????# # | | ???#" """" + #??????????### + | | ???#""" % """" # #?????###??#T# """ # | | ???#### """" # % # ????#!!!!# # """ # | | ??????# ###+######??# + """ # | | ??????# # #??#!!!!# # ## | | ??????# # " ########### #? | | ??????########### """" # ???# """ #? | | ????????????????# """"" # ? # """ #? | | ????????????????# * # # """ ## | | ????????????????# " """%=# """" # | | ????????????????#i""""" # """" # | | ????????????????#g"""""m # """" # """ | | ????????????????#=g!@l=u[# """" # """ | | ?????????????###########+# # """ | | ???????????###T# #### ####+###### | | ???????????#= + w | | ???????????##### | | ???????????????# ######### ! % | | ???????????????## ########## | | ????????????????# # # | | ????????????????# + """ # | | ?????????######?# # """ # ### | | ?????????# ### !# """ #+###+###### # | | ?????????# !%** # # #?###### | | ?????????# [= + """ # """" #??????? | | ?????????# ###### """ # " !!" #??????? | | ?????????## ##????# """ # """=%" #??????? | | ??????????# #?????# # "![""" #??????? | | ??????????# #?????### ###### "!="" #??????? | | ??????????# #????????##????# """" #??????? | | ??????????# #??????????????# #??????? | | ??????????# T??????????????# #??????? | | ??????????# #??????????????##########??????? | | ??????????""""??????????????????????????????? | | ????????????????????????????????????????????? | | ????????????????????????????????????????????? | | ????????????????????????????????????????????? | +----------------------------------------------------+ Best States ------------- Heat Dissipation 39 Energy Generation 14 Energy Capacity 280 Matter Stores 300 Matter Capacity 300 Sight Range 18 Terrain Scan Density 10 Armor Coverage 375 Resistance: KI 20 Resistance: TH 10 Weapon Shielding 66 Evasion (%) 40 Targeting Accuracy 14 Core Analysis 6 Recoil Reduction 3 Offensive Hacking 10 Relay Coupler Types 1 Relay Coupler Value 28 Trap Extractor Capacity 6 Item Schematics ----------------- None Robot Schematics ------------------ None Fabricated ------------ Nothing Repaired ---------- Salvaging Laser | 92% | -10/Materials | Corrupted Assault Rifle | 68% | -10/Materials Exp. Sensor Array | 62% | -9/Materials | Broken Med. Armor Plating | 25% | -8/Materials Cld. Ion Engine | 37% | -8/Materials Imp. Assault Rifle | 60% | -8/Materials Lgt. Treads | 64% | -8/Materials Lgt. Treads | 67% | -8/Materials Lgt. Treads | 47% | -8/Storage Hrd. Medium Armor Plating | 44% | -8/Storage Lgt. Armor Plating | 48% | -8/Storage Lgt. Treads | 68% | -8/Storage Imp. Assault Rifle | 63% | -8/Storage Studied --------- Lgt. Treads | -9/Materials | Hacked Mni. Grenade Launcher | -9/Materials | Hacked Ion Cannon | -8/Materials | Hacked Alien Tech Used ----------------- None Achievements -------------- None Challenges ------------ None Game ------ Seed DroneMagneticInjector Manual? 0 Play Time 01:24:00 Cumulative 2210.7 hours Start 2026.03.24 @ 02:06:59 End 2026.03.24 @ 03:30:30 Sessions 1 Manual Loads 0 Difficulty Rogue Special Mode None Game No. 1398 Rogue 1394 Adventurer 4 Explorer 0 Win Type - Total 313 Types 234/14/26/11/3/1/5/10/5/4 Lore% 99 Gallery% 96 Achievement% 93 Wizard Run 0 Options --------- Layout 2 ASCII 0 Keyboard 1 Movement Vi Keybinds 0 Fullscreen 0 Font 24/Terminus Map View 59x48 Zoom Use 0% Tactical HUD 1 Map Filters NONE Filters NONE Steam 1 RUN: 3b7caf67-89dc-4545-92a4-819dd349d8f3